AoeStats
← 我是小菜鸡

Coastal Forest

503138397Analyzed
2v2 RM · 11d ago on Aug 30, 2026· 40m 19s· 4 players
Game mode
Random Map
Map size
Medium (4 player)
Population
200
Speed
Normal
Resources
Standard
Victory
Conquest
Starting age
Dark Age
Ending age
Imperial Age
RankedLock teamsTeams togetherTeam positionsShared explorationLock speedFull tech treeHidden civsTurbo modeCheats
Victory
Defeat
🇨🇳 Franks · China
890
+16
🇨🇳 Bohemians · China
850
+18
🇫🇷 Koreans · France
936
-19
🇪🇸 Burgundians · Spain
831
-14
我是小菜鸡
10:09 Feudal Age
22:01 Castle Age
20:57 Scale Barding Armor
22:21 Double-Bit Axe
27:59 Imperial Age
26:13 Bow Saw
25:45 Fishing Lines
26:53 Gillnets
27:49 Forging
28:24 Cavalier
29:41 Gold Mining
32:36 Wheelbarrow
32:59 Husbandry
33:20 Chain Barding Armor
34:31 Paladin
36:40 Iron Casting
37:16 Plate Barding Armor
36:52 Capped Ram
40:38 Blast Furnace
玩传奇打帝国
0:28 Loom
10:25 Feudal Age
11:59 Town Watch
19:29 Forging
19:29 Man-at-Arms
22:25 Castle Age
21:23 Scale Mail Armor
22:05 Wheelbarrow
22:52 Long Swordsman
23:32 Squires
23:24 Double-Bit Axe
23:55 Horse Collar
28:02 Iron Casting
27:37 Heavy Plow
29:46 Bow Saw
30:44 Hand Cart
32:39 Fletching
35:30 Imperial Age
34:19 Chain Mail Armor
34:01 Bodkin Arrow
37:18 Two-Man Saw
35:42 Two-Handed Swordsman
36:44 Conscription
39:22 Plate Mail Armor
38:45 Champion
BLINDSPOT
13:17 Feudal Age
13:29 Horse Collar
13:35 Double-Bit Axe
24:20 Castle Age
22:23 Scale Mail Armor
22:34 Forging
24:38 Bow Saw
24:36 Heavy Plow
25:48 Gold Mining
27:40 Husbandry
27:01 Cavalier
30:18 Burgundian Vineyards
36:26 Imperial Age
35:32 Scale Barding Armor
36:05 Iron Casting
36:11 Gold Shaft Mining
35:03 Pikeman
35:43 Squires
36:24 Pikeman
39:19 Paladin
Alexi344
15:20 Feudal Age
16:13 Loom
18:07 Wheelbarrow
17:25 Stone Mining
18:55 Gold Mining
24:20 Town Watch
24:51 Forging
24:42 Scale Mail Armor
27:13 Castle Age
25:24 Double-Bit Axe
26:29 Scale Barding Armor
29:00 Iron Casting
28:42 Squires
28:36 Arson
29:20 Bow Saw
30:36 Chain Mail Armor
33:11 Hand Cart
33:42 Gold Shaft Mining
33:46 Stone Shaft Mining
37:01 Imperial Age
35:05 Fortified Wall
38:09 Conscription
Connection lost

Rejoining the realm…

Still unreachable

The connection could not be restored.

Session expired

The server has moved on; the page needs a fresh start.